 Dungeon Crawl Stone Soup version 0.21.1-1-g345015f (webtiles) character file.

3586 RipGuy the Bludgeoner (level 9, -10/106 HPs)
             Began as a Minotaur Berserker on Apr 29, 2018.
             Was an Elder of Trog.
             Mangled by a two-headed ogre
             ... wielding a +0 giant club
              (23 damage)
             ... on level 7 of the Dungeon.
             The game lasted 00:31:34 (8825 turns).

RipGuy the Bludgeoner (Minotaur Berserker)          Turns: 8825, Time: 00:31:35

Health: -10/106    AC: 12    Str: 30    XL:     9   Next: 85%
Magic:  17/17      EV:  8    Int:  4    God:    Trog [****..]
Gold:   324        SH:  0    Dex: 10    Spells: 8/8 levels left

rFire    . . .     SeeInvis .   F - +0 whip (flame)
rCold    . . .     Gourm    .   (no shield)
rNeg     . . .     Faith    .   v - +0 plate armour
rPois    .         Spirit   .   (helmet restricted)
rElec    .         Reflect  .   (no cloak)
rCorr    .         Harm     .   (no gloves)
MR       .....                  z - +0 pair of boots
Stlth    ..........             p - amulet of rage
HPRegen  0.27/turn              m - ring of magical power
MPRegen  0.15/turn              (no ring)

@: berserking, very quick
A: retaliatory headbutt, horns 2
a: Berserk, Trog's Hand, Brothers in Arms, Burn Spellbooks, Renounce Religion,
Evoke Berserk Rage


You were on level 7 of the Dungeon.
You worshipped Trog.
Trog was greatly pleased with you.
You were very hungry.

You visited 1 branch of the dungeon, and saw 8 of its levels.

You collected 324 gold pieces.

Inventory:

Hand Weapons
 a - a +0 hand axe
 e - a +0 mace of protection
 x - a +0 mace
 A - a +0 flail
 B - a +2 flail
 F - a +0 whip of flaming (weapon)
Armour
 b - a +0 animal skin
 k - a +0 scale mail
 v - a +0 plate armour (worn)
 z - a +0 pair of boots (worn)
Jewellery
 m - a ring of magical power (left hand)
 p - an amulet of rage (around neck)
 y - an uncursed ring of loudness
Wands
 C - a wand of flame (48)
Scrolls
 d - 6 scrolls of identify
 f - a scroll of teleportation
 g - 3 scrolls of remove curse
 i - 3 scrolls of magic mapping {unknown}
 l - 4 scrolls of fear {unknown}
 n - 3 scrolls of amnesia {unknown}
 r - a scroll of enchant armour {unknown}
 s - 2 scrolls of enchant weapon {unknown}
 D - a scroll of immolation {unknown}
Potions
 h - 4 potions of might {unknown}
 j - 2 potions of haste {unknown}
 o - a potion of degeneration {unknown}
 q - a potion of magic
 t - a potion of flight {unknown}
 u - 2 potions of heal wounds {unknown}
 w - a potion of mutation {unknown}
 E - a potion of curing {unknown}
Comestibles
 c - 8 rations


   Skills:
 - Level 3.7 Fighting
 - Level 4.7(11.3) Axes
 * Level 15.4(15.7) Maces & Flails
 - Level 2.4 Armour
 - Level 2.2 Dodging
 - Level 0.1 Stealth


You had 8 spell levels left.
You didn't know any spells.

Dungeon Overview and Level Annotations

Branches:
Dungeon (8/15)             Temple (0/1) D:6
   Lair: D:8-11

Altars:
Ashenzari
Cheibriados
Dithmenos
Gozag
Okawaru
Qazlal
Ru
Sif Muna
Vehumet

Shops:
D:5 (


Innate Abilities, Weirdness & Mutations

You reflexively headbutt those who attack you in melee.
You have a pair of horns on your head.


Message History

Trog accepts your kill.
The leopard gecko skeleton bites you but does no damage.
There is a stone staircase leading up here.
You hit the two-headed ogre but do no damage.
You headbutt the two-headed ogre.
The two-headed ogre is lightly wounded.
The two-headed ogre completely misses you.
The two-headed ogre hits you with a giant club!!
You can't go down here!
The two-headed ogre hits you with a giant club!! x2
* * * LOW HITPOINT WARNING * * *
You climb upwards.
There is a stone staircase leading down here.
Okay, then.
It was a potion of magic.
Magic courses through your body.
A red film seems to cover your vision as you go berserk!
You feel yourself moving faster!
You feel mighty!
You are feeling very hungry.
The two-headed ogre hits you with a giant club!!
You die...

#...#####.##########
#..................(
#.##################
#.........#
###.#####.##########
#......#####.......#
#..................#
##..................#
#..O@................
#...................#
#....................
#..........##......#)
######.....##......#)
##'##########.#.
#########.# #.#.
#......<..# #.#.
#.######### #.#.


You could see a two-headed ogre.

Vanquished Creatures
  Pikel (D:7)
  Prince Ribbit (D:5)
  The ghost of Agrougrou the Grave Robber, an amateur SpNe (D:5)
  Eustachio (D:5)
  A hungry ghost (D:7)
  3 slaves (D:7)
  3 sky beasts
  2 ice beasts
  An orc warrior (D:6)
  5 ogres
  The ghost of Tiareth the Magician, an amateur DEWr (D:3)
  2 gnoll sergeants
  A bullfrog (D:7)
  5 wights (D:5)
  An electric eel (D:6)
  A crimson imp (D:6)
  A bullfrog zombie (D:5)
  2 centaur zombies
  4 hounds
  3 orc wizards
  6 orc priests
  A jelly (D:7)
  A bullfrog skeleton (D:2)
  4 worker ants
  A killer bee zombie (D:8)
  A hound skeleton (D:5)
  Robin (D:2)
  14 gnolls
  8 adders
  2 oozes (D:1)
  An adder skeleton (D:6)
  2 worms
  6 leopard geckos
  26 orcs
  6 bats
  5 giant cockroaches
  19 goblins
  5 hobgoblins
  2 jackals (D:6)
  2 quokkas (D:6)
  A ball python (D:1)
  7 frilled lizards
  A jackal zombie (D:5)
  5 kobolds
  8 rats
175 creatures vanquished.

Notes
Turn   | Place    | Note
-------+----------+-------------------------------------------
     0 | D:1      | RipGuy the Minotaur Berserker began the quest for the Orb.
     0 | D:1      | Reached XP level 1. HP: 19/19 MP: 0/0
    94 | D:1      | Reached XP level 2. HP: 20/27 MP: 1/1
   720 | D:2      | Noticed Robin
   726 | D:2      | Reached skill level 1 in Maces & Flails
   726 | D:2      | Reached XP level 3. HP: 33/33 MP: 2/2
   734 | D:2      | Killed Robin
   734 | D:2      | Reached skill level 2 in Maces & Flails
   736 | D:2      | Reached ** piety under Trog
   850 | D:2      | Reached skill level 3 in Maces & Flails
   850 | D:2      | Reached XP level 4. HP: 35/40 MP: 3/3
  1157 | D:2      | Found a sacrificial altar of Ru.
  1157 | D:2      | Found a stormy altar of Qazlal.
  1274 | D:2      | Reached skill level 4 in Maces & Flails
  1327 | D:2      | Found a shattered altar of Ashenzari.
  1902 | D:3      | Reached XP level 5. HP: 46/46 MP: 4/4
  1990 | D:3      | Noticed Tiareth's ghost (amateur DEWr)
  1998 | D:3      | Killed Tiareth's ghost
  1998 | D:3      | Reached skill level 5 in Maces & Flails
  2653 | D:4      | Reached skill level 6 in Maces & Flails
  2659 | D:4      | Reached XP level 6. HP: 52/52 MP: 5/5
  2871 | D:3      | Reached skill level 7 in Maces & Flails
  3097 | D:4      | Reached *** piety under Trog
  3446 | D:4      | Reached skill level 8 in Maces & Flails
  3462 | D:4      | Reached XP level 7. HP: 25/58 MP: 6/6
  3868 | D:4      | Found an iron altar of Okawaru.
  4229 | D:5      | Entered Level 5 of the Dungeon
  4234 | D:5      | Noticed Agrougrou's ghost (amateur SpNe)
  4249 | D:5      | Killed Agrougrou's ghost
  4249 | D:5      | Reached skill level 9 in Maces & Flails
  4373 | D:5      | Reached skill level 10 in Maces & Flails
  4541 | D:5      | Found Boamit's Antique Weapon Emporium.
  4549 | D:5      | Reached XP level 8. HP: 57/66 MP: 7/7
  4793 | D:5      | Reached skill level 11 in Maces & Flails
  5092 | D:5      | Noticed Prince Ribbit
  5102 | D:5      | Killed Prince Ribbit
  5102 | D:5      | Reached skill level 12 in Maces & Flails
  5628 | D:5      | Noticed Eustachio
  5634 | D:4      | Found an opulent altar of Gozag.
  5663 | D:5      | Killed Eustachio
  5931 | D:5      | Reached skill level 13 in Maces & Flails
  6052 | D:5      | Found a snail-covered altar of Cheibriados.
  6117 | D:6      | Found a radiant altar of Vehumet.
  6166 | D:6      | Found a deep blue altar of Sif Muna.
  6202 | D:6      | Reached XP level 9. HP: 57/71 MP: 8/8
  6211 | D:6      | Reached **** piety under Trog
  6463 | D:6      | Found an iron altar of Okawaru.
  7156 | D:6      | Found a staircase to the Ecumenical Temple.
  7659 | D:7      | Found a shadowy altar of Dithmenos.
  7814 | D:7      | Reached skill level 14 in Maces & Flails
  7852 | D:7      | Noticed Pikel
  7865 | D:7      | Killed Pikel
  8104 | D:7      | Reached skill level 15 in Maces & Flails
  8814 | D:8      | Noticed a two-headed ogre
  8825 | D:7      | Mangled by a two-headed ogre

Skill      XL: |  1  2  3  4  5  6  7  8  9 |
---------------+----------------------------+-----
Axes           | 4 |  4.7
Maces & Flails | 1 3 4 6 8 10 13 15 | 15.4
Fighting       | |  3.7
Armour         | |  2.4
Dodging        | |  2.2
Stealth        | |  0.1

Action                   |  1- 3 |  4- 6 |  7- 9 || total
-------------------------+-------+-------+-------++-------
Melee: Hand axe          |    32 |       |       ||    32
       Headbutt          |    13 |    24 |    60 ||    97
       Mace              |    31 |   125 |   302 ||   458
       Whip              |       |       |    53 ||    53
Invok: Berserk           |     1 |     2 |     8 ||    11
Evoke: Wand              |       |       |     1 ||     1
  Use: Scroll            |       |       |     7 ||     7
       Potion            |       |       |     1 ||     1
  Eat: Chunk             |       |     9 |       ||     9
       Ration            |       |       |     8 ||     8
Armor: Animal skin       |     3 |       |       ||     3
       Scale mail        |    28 |     5 |       ||    33
       Plate armour      |       |    66 |   188 ||   254
Dodge: Dodged            |    37 |    48 |    94 ||   179
